cohdb
Replays
Latest Replays
All Replays
Popular Replays
Top Player Replays
Match Explorer
How It Works
Community
CoH3 Stats
Reddit
Sign in to upload your games and track your stats! →
Sign in with Steam
Match 43069927
Unlisted
Match 43069927
Overview
Messages
Build Orders
End
Kradschützen Motorcycle Team
Panzerpioneer Squad
Selects Armored Support Battlegroup
Selects Armored Support Battlegroup
Panzergrenadier Squad
250 Light Carrier
Construct Light Support Kompanie
Combat Half-tracks
Fire Support Elements
le.IG 18 Support Gun Team
Flakvierling Half-track
Selects Superior Fire Drills
Selects Salvage Kits
Panzerjäger Squad
MG34 Team
2.5-tonne Medical Truck
Flakvierling Half-track
Selects Flammpanzer III Medium Tank
Assault Grenadier Squad
Flammpanzer III Medium Tank
咚咚锵个腿
McBain
0
0
Comments
sign in to comment!
No comments posted yet!